 Dungeon Crawl Stone Soup version 0.27-a0-535-g7eaf864cf9 (webtiles) character file.

Game seed: 1701185952220196820

437 Froggeryz the Insei (level 6, 0/48 HPs)
             Began as a Demonspawn Monk on Mar 6, 2021.
             Was a Believer of Ru.
             Slain by a bullfrog skeleton (1 damage)
             ... on level 5 of the Dungeon.
             The game lasted 00:06:15 (6182 turns).

Froggeryz the Insei (Demonspawn Monk)               Turns: 6182, Time: 00:06:16

Health: 0/48       AC:  5    Str: 14    XL:     6   Next: 69%
Magic:  6/6        EV: 11    Int: 11    God:    Ru [**....]
Gold:   213        SH:  0    Dex: 15    Spells: 5/5 levels left

rFire    . . .     SeeInvis .     - Unarmed
rCold    . . .     Faith    .   (no shield)
rNeg     + . .     Spirit   .   k - +0 ring mail
rPois    .         Reflect  .   (helmet restricted)
rElec    .         Harm     .   (no cloak)
rCorr    .         Rampage  .   (no gloves)
Will     .....                  (no boots)
Stlth    +.........             (no amulet)
HPRegen  0.16/turn              f - ring of positive energy
MPRegen  0.10/turn              (no ring)

@: no status effects
A: antennae 2, foul stench 2, inability to use devices
a: Renounce Religion


You were on level 5 of the Dungeon.
You worshipped Ru.
Ru was pleased with you.
You visited 1 branch of the dungeon, and saw 5 of its levels.

You collected 213 gold pieces.

Inventory:

Missiles
 l - 5 poisoned darts (quivered)
Armour
 k - a +0 ring mail (worn)
Jewellery
 f - a ring of positive energy (left hand)
Scrolls
 a - a scroll of identify {unknown}
 c - a scroll of amnesia {unknown}
 e - a scroll of fear {unknown}
 h - a scroll of immolation {unknown}
 m - a scroll of teleportation {unknown}
 p - 2 scrolls of blinking {unknown}
Potions
 b - a potion of heal wounds {unknown}
 d - a potion of lignification {unknown}
 g - a potion of curing
 i - a potion of degeneration {unknown}
 j - 3 potions of flight {unknown}
 n - a potion of might {unknown}
 o - a potion of brilliance {unknown}


   Skills:
 + Level 3.6 Fighting
 - Level 2.2 Armour
 - Level 2.6 Dodging
 - Level 1.7 Stealth
 * Level 6.1 Unarmed Combat


You had 5 spell levels left.
You didn't know any spells.
Your spell library contained the following spells:

 Spells                   Type           Power      Damage    Failure   Level
 Sublimation of Blood     Necr           0%         N/A       71%         2
 Ignite Poison            Fire/Tmut/Pois 0%         N/A       91%         3
 Petrify                  Tmut/Erth      0%         N/A       100%        4
 Alistair's Intoxication  Tmut/Pois      0%         N/A       100%        5
 Irradiate                Conj/Tmut      0%         3d13      100%        5
 Eringya's Noxious Bog    Tmut/Pois      0%         N/A       100%        6


Dungeon Overview and Level Annotations

Branches:
Dungeon (5/15)
 Temple: D:4-7

Altars:
Ashenzari
Qazlal
Ru
Wu Jian
Zin

Annotations:
D:5 Prince Ribbit


Innate Abilities, Weirdness & Mutations

You have a pair of antennae on your head.
You sometimes emit foul miasma when damaged in melee.
You cannot study or use magical devices.


Message History

Aim: Prince Ribbit (asleep, 98% to hit)
You throw a poisoned dart. The poisoned dart hits Prince Ribbit.
Prince Ribbit is poisoned.
Prince Ribbit croaks.
Throw: 6 darts (poison)
Press: ? - help, Q - select action Shift-Dir - straight line, f/p - Prince Ribbit
Aim: Prince Ribbit (poisoned, 36% to hit)
You throw a poisoned dart.
The poisoned dart closely misses Prince Ribbit.
The poisoned dart barely misses the bullfrog skeleton.
You redirect Prince Ribbit's attack!
You hit Prince Ribbit.
Prince Ribbit is lightly wounded.
Prince Ribbit hits you!
A sky beast comes into view.
You hit Prince Ribbit.
Prince Ribbit is moderately wounded.
Prince Ribbit blinks!
Prince Ribbit hops awkwardly around.
You hit the bullfrog skeleton.
The bullfrog skeleton is lightly damaged.
Prince Ribbit blinks!
The bullfrog skeleton hits you.
You miss Prince Ribbit.
Prince Ribbit is moderately wounded.
Prince Ribbit begins to cast a spell, but is stunned by your conviction!
The bullfrog skeleton hits you.
You emit a cloud of foul miasma!
You barely miss Prince Ribbit.
Prince Ribbit is moderately wounded.
Prince Ribbit is stunned by your conviction and fails to attack.
The bullfrog skeleton hits you. Prince Ribbit hits you!
You miss Prince Ribbit.
Prince Ribbit is moderately wounded.
The bullfrog skeleton hits you.
* * * LOW HITPOINT WARNING * * *
Prince Ribbit hits you!
* * * LOW HITPOINT WARNING * * *
Prince Ribbit looks more healthy.
Prince Ribbit hits you.
* * * LOW HITPOINT WARNING * * *
The bullfrog skeleton hits you.
You die...

### ##.##
#######...##
...........#
........<.##
..........)##
............#
.##....@F#..#
.......Z#####
.......○.#
.......Y...
............#
..........(...
...............
.#............#
###..........(


You could see Prince Ribbit, a sky beast and a bullfrog skeleton.

Vanquished Creatures
  A jelly (D:4)
  A hound (D:4)
  2 orc priests
  2 orc wizards (D:4)
  A worker ant (D:4)
  6 adders
  8 gnolls
  An ooze (D:4)
  2 worms (D:2)
  2 dart slugs (D:1)
  4 leopard geckos
  7 orcs
  2 ball pythons
  5 giant cockroaches
  9 goblins
  12 hobgoblins
  4 jackals (D:4)
  8 bats
  3 frilled lizards
  4 kobolds
  A leopard gecko skeleton (D:4)
  A quokka skeleton (D:4)
  14 rats
100 creatures vanquished.

Vanquished Creatures (others)
  A plant (D:1)
1 creature vanquished.

Grand Total: 101 creatures vanquished

Notes
Turn   | Place    | Note
-------+----------+-------------------------------------------
     0 | D:1      | Froggeryz the Demonspawn Monk began the quest for the Orb.
     0 | D:1      | Reached XP level 1. HP: 18/18 MP: 1/1
   140 | D:1      | Reached skill level 3 in Unarmed Combat
   279 | D:1      | Gained mutation: You have a pair of small antennae on your
                  | head. [demonic ancestry]
   279 | D:1      | Reached XP level 2. HP: 19/24 MP: 2/2
   523 | D:1      | Found a broken altar of Ashenzari.
  1088 | D:1      | Reached XP level 3. HP: 27/29 MP: 3/3
  1371 | D:1      | Reached skill level 4 in Unarmed Combat
  2136 | D:2      | HP: 1/29 [gnoll/+0 spear (4)]
  2501 | D:2      | Gained mutation: You have a pair of antennae on your head.
                  | [demonic ancestry]
  2501 | D:2      | Reached XP level 4. HP: 34/35 MP: 4/4
  3101 | D:2      | Reached skill level 1 in Armour
  3913 | D:3      | Gained mutation: You may rarely emit foul miasma when
                  | damaged in melee. [demonic ancestry]
  3913 | D:3      | Reached XP level 5. HP: 9/41 MP: 5/5
  4233 | D:3      | Reached skill level 5 in Unarmed Combat
  4997 | D:4      | Found a stormy altar of Qazlal.
  5020 | D:4      | Gained mutation: You sometimes emit foul miasma when
                  | damaged in melee. [demonic ancestry]
  5020 | D:4      | Reached XP level 6. HP: 30/47 MP: 6/6
  5724 | D:4      | Found a sacrificial altar of Ru.
  5736 | D:4      | Reached skill level 6 in Unarmed Combat
  5922 | D:4      | Became a worshipper of Ru the Awakened
  5946 | D:4      | Gained mutation: You cannot study or use magical devices.
                  | [Ru sacrifice]
  5946 | D:4      | Reached * piety under Ru
  5946 | D:4      | Reached ** piety under Ru
  6033 | D:4      | Found an ornate altar of the Wu Jian Council.
  6040 | D:4      | Noticed a spectral centipede
  6040 | D:4      | Noticed a spectral black mamba
  6040 | D:4      | Noticed a spectral cane toad
  6165 | D:5      | Entered Level 5 of the Dungeon
  6172 | D:5      | Noticed Prince Ribbit
  6176 | D:5      | Noticed a sky beast
  6182 | D:5      | HP: 1/48 [Prince Ribbit (5)]
  6182 | D:5      | Slain by a bullfrog skeleton

Illustrated notes

Levels and vault maps discovered:
D:1:      dpeg_arrival_ratfight, layout_loops_ring, serial_forest,
          infiniplex_forest_side_room, infiniplex_forest_lined_room_,
          infiniplex_forest_pool, infiniplex_forest_straight_3,
          infiniplex_forest_clump_medium, infiniplex_forest_lined_corner,
          infiniplex_forest_clump_large, nrook_loot_triangle, minivault_11,
          evilmike_ruin_ashenzari
D:2:      layout_basic, zin_treasury
D:3:      layout_rooms
D:4:      layout_loops_ring, lemuel_crystal_altar,
          pdpol_wu_jian_five_deadly_venoms, nicolae_ru_great_annihilating_truth
D:5:      layout_cave_pools, overflow_temple_1_default, kennysheep_little_box,
          minmay_temple_entry_trees, uniq_prince_ribbit1, uniq_grinder

Skill      XL: |  1  2  3  4  5  6 |
---------------+-------------------+-----
Unarmed Combat | 3 4 5 6 |  6.1
Armour         | 1 2 |  2.2
Fighting       | |  3.6
Dodging        | |  2.6
Stealth        | |  1.7

Action                   |  1- 3 |  4- 6 || total
-------------------------+-------+-------++-------
Melee: Unarmed           |   170 |   284 ||   454
       Punch             |     1 |     4 ||     5
Throw: Dart              |       |     2 ||     2
Invok: Sacrifice Artific |       |     1 ||     1
  Use: Potion            |       |     2 ||     2
 Stab: Sleeping          |     6 |     1 ||     7
Armor: Robe              |    24 |    14 ||    38
       Ring mail         |       |    55 ||    55
Dodge: Dodged            |    80 |   122 ||   202

Table legend: (Time is in decaauts)
 A = Elapsed time spent in this place.
 B = Non-inter-level travel time spent in this place.
 C = Inter-level travel time spent in this place.
 D = Time resting spent in this place.
 E = Time spent auto-exploring this place.
 F = Levels seen in this place.
 G = Mean time per level.
                   A        B        C        D        E       F      G
               +--------+--------+--------+--------+--------+-----+--------+
         Total |   6142 |   6018 |    124 |   2124 |   3044 |   5 | 1228.4 |
       Dungeon |   6142 |   6018 |    124 |   2124 |   3044 |   5 | 1228.4 |
               +--------+--------+--------+--------+--------+-----+--------+

Top non-repeatable levels by time:
     D:1: 1864 daAuts
     D:2: 1597 daAuts
     D:3: 1436 daAuts
     D:4: 1227 daAuts
     D:5: 16 daAuts
